 Dungeon Crawl Stone Soup version 0.24.0-13-gcf9b3192b9 (webtiles) character file.

Game seed: 7191734508459731593, levelgen mode: deterministic

41694 Inarius the Necromancer (level 13, -2/97 HPs)
             Began as a Mummy Necromancer on Nov 4, 2019.
             Was an Initiate of Gozag.
             Slain by a seven-headed hydra (13 damage)
             ... on level 6 of the Lair of Beasts on Nov 5, 2019.
             The game lasted 00:59:33 (27163 turns).

Inarius the Necromancer (Mummy Necromancer)        Turns: 27163, Time: 00:59:35

Health: -2/97      AC: 16    Str: 13    XL:     13   Next: 81%
Magic:  8/26       EV:  8    Int: 19    God:    Gozag
Gold:   3948       SH: 10    Dex: 13    Spells: 20/31 levels left

rFire    . . .     SeeInvis .   p - +6 trident "Yllok" {freeze, rC++ Str+2}
rCold    + + +     Gourm    .   q - +0 shield
rNeg     + + +     Faith    .   m - +2 scale mail {rC+}
rPois    ∞         Spirit   .   (no helmet)
rElec    .         Reflect  .   v - +0 cloak
rCorr    .         Harm     .   t - +0 pair of gloves
MR       +....                  f - +2 pair of boots {run}
Stlth    ..........             (no amulet)
HPRegen  0.26/turn              s - ring of protection from fire
MPRegen  0.20/turn              y - +2 ring of protection

@: very slightly contaminated, quick
A: no food or potions, fire vulnerability, cold resistance 1, negative energy
resistance 3, torment resistance, unbreathing, in touch with death 1
a: Potion Petition, Call Merchant, Bribe Branch, Renounce Religion


You were on level 6 of the Lair of Beasts.
You worshipped Gozag.
Gozag was most pleased with you.
You were not hungry.

You visited 2 branches of the dungeon, and saw 17 of its levels.
You also visited: Volcano.

You collected 4234 gold pieces.
You spent 255 gold pieces at shops.
You paid 31 gold pieces to Gozag.

Inventory:

Hand Weapons
 b - the +3 trident "Iloysog" {pierce, +Rage rF+}
   (You bought it in a shop on level 7 of the Dungeon)

   It inflicts extra damage upon your enemies.
   It protects you from fire.
   It lets you go berserk.
 e - a +2 quick blade of flaming
 p - the +6 trident "Yllok" (weapon) {freeze, rC++ Str+2}
   (You found it on level 4 of the Dungeon)

   It has been specially enchanted to freeze those struck by it, causing extra
   injury to most foes and up to half again as much damage against particularly
   susceptible opponents.
   It can also slow down cold-blooded creatures.
   It affects your strength (+2).
   It greatly protects you from cold.
 C - the +4 falchion of the Blue Skies {drain, Fragile Str+2 Int+9}
   (You found it on level 1 of the Lair of Beasts)

   A truly terrible weapon, it drains the life of those it strikes.
   It affects your strength (+2).
   It affects your intelligence (+9).
   It will be destroyed if unequipped.
Armour
 f - a +2 pair of boots of running (worn)
 m - a +2 scale mail of cold resistance (worn)
 q - a +0 shield (worn)
 t - a +0 pair of gloves (worn)
 v - a +0 cloak (worn)
 w - a +1 leather armour of fire resistance
 B - the +1 ring mail "Gaqia" {rF+ rCorr}
   (You found it on level 1 of the Lair of Beasts)

   It protects you from fire.
   It provides partial protection from all sources of acid and corrosion.
Jewellery
 n - an uncursed ring of stealth
 s - a ring of protection from fire (left hand)
 x - an uncursed ring of protection from fire
 y - a +2 ring of protection (right hand)
Wands
 i - a wand of flame (24)
 A - a wand of digging (3)
Scrolls
 c - 3 scrolls of noise
 d - 4 scrolls of amnesia
 g - 5 scrolls of teleportation
 h - 6 scrolls of remove curse
 j - 5 scrolls of immolation
 k - a scroll of magic mapping
 l - 4 scrolls of enchant armour
 o - 3 scrolls of enchant weapon
 r - a scroll of blinking
 u - 2 scrolls of fog
 z - a scroll of vulnerability
 D - a scroll of random uselessness {unknown}
Miscellaneous
 a - a lightning rod (inert)


   Skills:
 + Level 7.6 Fighting
 + Level 5.6 Polearms
 - Level 4.0 Armour
 - Level 1.7 Dodging
 - Level 1.5 Stealth
 + Level 6.3 Shields
 + Level 9.7 Spellcasting
 * Level 16.7 Necromancy
 * Level 3.0 Earth Magic
 - Level 4.1 Evocations


You had 20 spell levels left.
You knew the following spells:

 Your Spells              Type           Power        Failure   Level  Hunger
a - Pain                  Necr           ####         1%          1    N/A
b - Vampiric Draining     Necr           #######...   1%          3    N/A
c - Animate Skeleton      Necr           N/A          1%          1    N/A
d - Iron Shot             Conj/Erth      ###.......   100%        6    N/A

Your spell library contained the following spells:

 Spells                   Type           Power        Failure   Level  Hunger
 Animate Dead             Necr           N/A          1%          4    N/A
 Sandblast                Erth           ###...       28%         1    N/A
 Passwall                 Tmut/Erth      ###.....     63%         2    N/A
 Confusing Touch          Hex            #.....       71%         1    N/A
 Sting                    Conj/Pois      #...         71%         1    N/A
 Poisonous Vapours        Pois/Air       #.....       83%         2    N/A
 Sticks to Snakes         Tmut           #.......     83%         2    N/A
 Stone Arrow              Conj/Erth      ###...       86%         3    N/A
 Confuse                  Hex            #.......     97%         3    N/A
 Conjure Flame            Conj/Fire      #.......     97%         3    N/A
 Gell's Gravitas          Tloc           #.........   97%         3    N/A
 Mephitic Cloud           Conj/Pois/Air  #.......     97%         3    N/A
 Petrify                  Tmut/Erth      ###.....     99%         4    N/A
 Olgreb's Toxic Radiance  Pois           #.......     100%        4    N/A
 Lee's Rapid Deconstruct  Erth           ###.......   100%        5    N/A
 Metabolic Englaciation   Hex/Ice        #.........   100%        5    N/A
 Summon Forest            Summ/Tloc      #.........   100%        5    N/A
 Venom Bolt               Conj/Pois      #.........   100%        5    N/A
 Yara's Violent Unravell  Hex/Tmut       #.........   100%        5    N/A
 Freezing Cloud           Conj/Ice/Air   #.........   100%        6    N/A
 Ring of Flames           Chrm/Fire      #.........   100%        7    N/A
 Dragon's Call            Summ           #.........   100%        9    N/A
 Regeneration             Chrm/Necr      Unusable     N/A         3    N/A
 Beastly Appendage        Tmut           Unusable     N/A         1    N/A
 Spider Form              Tmut/Pois      Unusable     N/A         3    N/A
 Ice Form                 Ice/Tmut       Unusable     N/A         4    N/A
 Blade Hands              Tmut           Unusable     N/A         5    N/A

Dungeon Overview and Level Annotations

Branches:
Dungeon (11/15)            Temple (0/1) D:7            Lair (6/6) D:10
 Shoals (0/4) Lair:3        Snake (0/4) Lair:2        Slime (0/5) Lair:5
    Orc (0/2) D:11        Volcano (visited)

Altars:
Elyvilon
Fedhas
Gozag
Xom

Shops:
D:7 (   D:8 [

Annotations:
D:7 2 transporters, ambioZ's ghost, novice TrBe
Lair:4 Rupert


Innate Abilities, Weirdness & Mutations

You do not eat or drink.
Your flesh is vulnerable to fire.
You are immune to poison.
Your flesh is cold resistant. (rC+)
You are immune to negative energy. (rN+++)
You are immune to unholy pain and torment.
You can survive without breathing.
You are in touch with the powers of death.


Message History

The seven-headed hydra bites you!
* * * LOW HITPOINT WARNING * * *
Casting: Vampiric Draining (safe; 1% risk of failure)
Confirm with . or Enter, or press ? or * to list all spells.
Aiming: Vampiric Draining (safe; 1% risk of failure)
Press: ? - help, Shift-Dir - straight line, f/p - seven-headed hydra
Aim: a seven-headed hydra (severely wounded)
You feel a surge of power!
The seven-headed hydra is severely wounded.
You feel life coursing into your body. The seven-headed hydra bites you!
* * * LOW HITPOINT WARNING * * *
The seven-headed hydra bites you but does no damage.
You block the seven-headed hydra's attack.
The seven-headed hydra bites you.
* * * LOW HITPOINT WARNING * * *
The seven-headed hydra barely misses you.
You block the seven-headed hydra's attack.
The seven-headed hydra bites you!
You die...
Your body crumbles into a pile of gold.

,,,#..............##........#....
,,,##...........P#...p.....#.....
,,**#.............#.........#....
,,*##.....................##.....
,,*#...................#........#
,**#...............P#.#....#.....
,* ##......P.........#....##.#..#
** #.....P...............#.##...
#..<..##....@.......P...#.#.. ***
#....#......D.P......#.#.###.
,,*###..####................###..
,,*#...## #...........#.......#..
,,*#....###.......##....(........
,,*#...............#...##P....#..
,**#..P........#P......##....####
***..........##......#####..## #
####...................###..# #


You could see a seven-headed hydra and a neutral human (wandering).

Vanquished Creatures
  Kirke (Lair:6)
  A red draconian (Volcano)
  8 hydras
  A centaur warrior (Volcano)
  6 two-headed ogres
  2 ugly things (D:11)
  An oklob plant (Lair:1)
  2 elephants (Lair:6)
  Joseph (D:9)
  3 black mambas
  3 merfolk sirens (Lair:3)
  2 rime drakes (Lair:5)
  12 spiny frogs
  8 komodo dragons
  2 trolls
  2 polar bears
  A merfolk (Lair:3)
  A hornet (D:11)
  A raiju (Lair:6)
  5 hippogriffs
  4 blink frogs (Lair:1)
  26 yaks
  6 fire bats (Volcano)
  A hog (Lair:5)
  2 basilisks
  A wyvern (Lair:4)
  4 nagas (Lair:2)
  Edmund (D:5)
  A warg (Lair:6)
  8 water moccasins
  5 porcupines
  3 black bears
  Duvessa (D:7)
  6 sky beasts
  4 orc warriors
  A hornet zombie (D:8)
  An eye of draining (D:9)
  4 phantoms
  4 centaurs
  2 ogres
  12 wolves
  12 crocodiles
  A big kobold (D:9)
  15 bullfrogs
  A gnoll sergeant (D:7)
  Dowan (D:7)
  2 scorpions
  21 killer bees
  6 wights
  An electric eel (D:10)
  7 crimson imps
  A bullfrog zombie (D:10)
  5 lava snakes (Volcano)
  2 centaur zombies
  2 jellies
  6 orc priests
  11 hounds
  Crazy Yiuf (D:5)
  4 bullfrog skeletons
  3 centaur skeletons
  3 iguanas
  Terence (D:2)
  10 orc wizards
  12 worker ants
  A killer bee zombie (D:9)
  A hound skeleton (D:4)
  A hound zombie (D:10)
  15 adders
  16 gnolls
  2 shadow imps (D:7)
  An ooze (D:2)
  An adder zombie (D:8)
  An adder skeleton (D:7)
  2 worms
  2 dart slugs
  8 leopard geckos
  44 orcs
  A ball python (D:8)
  7 bats
  9 giant cockroaches
  9 goblins
  6 hobgoblins
  10 jackals
  12 kobolds
  8 quokkas
  3 frilled lizards
  A giant cockroach zombie (D:6)
  12 rats
  A plant (Lair:1)
462 creatures vanquished.

Vanquished Creatures (collateral kills)
  A centaur (Volcano)
1 creature vanquished.

Vanquished Creatures (others)
  2 humans (Lair:6)
  A bush (Lair:1)
  34 fungi
  30 plants
67 creatures vanquished.

Grand Total: 530 creatures vanquished

Notes
Turn   | Place    | Note
-------+----------+-------------------------------------------
     0 | D:1      | Inarius the Mummy Necromancer began the quest for the Orb.
     0 | D:1      | Reached XP level 1. HP: 13/13 MP: 4/4
   154 | D:1      | Reached XP level 2. HP: 11/19 MP: 0/5
   628 | D:1      | Reached XP level 3. HP: 24/24 MP: 5/7
   634 | D:1      | Learned a level 3 spell: Vampiric Draining
   923 | D:1      | Reached skill level 5 in Necromancy
  1548 | D:2      | Reached XP level 4. HP: 30/30 MP: 2/8
  1624 | D:2      | Learned a level 1 spell: Animate Skeleton
  1964 | D:2      | Noticed Terence
  2068 | D:2      | Reached XP level 5. HP: 35/35 MP: 7/10
  2115 | D:2      | Found a blossoming altar of Fedhas.
  2264 | D:2      | Killed Terence
  2264 | D:2      | Reached skill level 6 in Necromancy
  3228 | D:3      | Found a white marble altar of Elyvilon.
  3426 | D:4      | Reached XP level 6. HP: 41/41 MP: 5/12
  3570 | D:4      | Got a pitted trident
  3571 | D:4      | Identified the +6 trident "Yllok" {freeze, rC++ Str+2} (You
                  | found it on level 4 of the Dungeon)
  3581 | D:4      | Reached skill level 1 in Armour
  3898 | D:4      | Reached skill level 5 in Spellcasting
  3914 | D:4      | Found an opulent altar of Gozag.
  3924 | D:4      | Became a worshipper of Gozag Ym Sagoz the Greedy
  4170 | D:5      | Entered Level 5 of the Dungeon
  4176 | D:4      | Reached skill level 1 in Polearms
  4176 | D:4      | Reached XP level 7. HP: 40/47 MP: 11/14
  4221 | D:4      | Reached skill level 7 in Necromancy
  4757 | D:5      | Noticed Edmund
  4770 | D:5      | Killed Edmund
  4770 | D:5      | Reached skill level 1 in Fighting
  4824 | D:5      | Reached skill level 8 in Necromancy
  4901 | D:5      | Reached XP level 8. HP: 37/54 MP: 15/15
  5241 | D:5      | Got a spiked leather armour
  5242 | D:5      | Identified the +1 leather armour of Beogh's Hatred {-Tele
                  | Regen+ Slay+4 SInv} (You found it on level 5 of the
                  | Dungeon)
  5500 | D:5      | Found a runed translucent door.
  5501 | D:5      | Noticed Crazy Yiuf
  5509 | D:5      | Killed Crazy Yiuf
  6223 | D:6      | Reached skill level 9 in Necromancy
  6495 | D:6      | Got a warped falchion
  6560 | D:6      | Identified the +6 falchion of Quick Death {distort, MR+}
                  | (You found it on level 6 of the Dungeon)
  7001 | D:7      | Found Eckiroq's Antique Weapon Emporium.
  7336 | D:7      | Bought an ichor-stained trident for 255 gold pieces
  7336 | D:7      | Identified the +3 trident "Iloysog" {pierce, +Rage rF+}
                  | (You bought it in a shop on level 7 of the Dungeon)
  7404 | D:7      | Found a shimmering altar of Xom.
  7470 | D:7      | Reached XP level 9. HP: 49/61 MP: 9/16
  7480 | D:7      | Found a staircase to the Ecumenical Temple.
  7595 | D:7      | Reached skill level 10 in Necromancy
  7827 | D:7      | Noticed Duvessa
  7831 | D:7      | Noticed Dowan
  7852 | D:7      | Killed Duvessa
  7859 | D:7      | Killed Dowan
  8027 | D:7      | Noticed a yaktaur
  8027 | D:7      | Noticed ambioZ's ghost (novice TrBe)
  8028 | D:7      | Found a transporter.
  8048 | D:7      | Found a transporter.
  8850 | D:8      | Found Qayra's Antique Armour Shoppe.
  8882 | D:8      | Noticed a two-headed ogre
  8895 | D:8      | Killed a two-headed ogre
  8895 | D:8      | Reached skill level 1 in Shields
  8895 | D:8      | Reached skill level 11 in Necromancy
  8895 | D:8      | Reached skill level 1 in Evocations
  9001 | D:8      | Noticed a two-headed ogre
  9002 | D:8      | Reached XP level 10. HP: 51/70 MP: 6/19
  9149 | D:8      | Killed a two-headed ogre
  9584 | D:9      | Noticed a two-headed ogre
  9755 | D:9      | Killed a two-headed ogre
  9789 | D:9      | Noticed a two-headed ogre
  9811 | D:9      | Killed a two-headed ogre
  9811 | D:9      | Reached skill level 12 in Necromancy
  9854 | D:9      | Noticed Joseph
 10743 | D:9      | Killed Joseph
 10877 | D:9      | Reached XP level 11. HP: 60/78 MP: 8/23
 12139 | D:10     | Entered Level 10 of the Dungeon
 12593 | D:10     | Found a staircase to the Lair.
 13029 | D:10     | Noticed a two-headed ogre
 13043 | D:10     | Killed a two-headed ogre
 13188 | D:10     | Reached skill level 5 in Polearms
 13542 | D:11     | Reached skill level 5 in Fighting
 13805 | D:11     | Noticed a two-headed ogre
 13818 | D:11     | Killed a two-headed ogre
 13818 | D:11     | Reached skill level 13 in Necromancy
 13890 | D:11     | Found a staircase to the Orcish Mines.
 14084 | D:11     | Noticed a white ugly thing
 14097 | D:11     | Killed a white ugly thing
 14259 | D:11     | Noticed a green ugly thing
 14268 | D:11     | Killed a green ugly thing
 14365 | D:11     | Noticed a death knight
 14660 | Lair:1   | Entered Level 1 of the Lair of Beasts
 14664 | Lair:1   | Noticed an oklob plant
 15291 | Lair:1   | Killed an oklob plant
 15514 | Lair:1   | Reached XP level 12. HP: 60/87 MP: 9/24
 15766 | Lair:1   | Upgraded the game from 0.24.0-10-g970556be89 to
                  | 0.24.0-13-gcf9b3192b9
 15843 | Lair:1   | Reached skill level 14 in Necromancy
 16393 | Lair:1   | Got a blackened ring mail
 16438 | Lair:1   | Got a jewelled falchion
 16541 | Lair:1   | Noticed a six-headed hydra
 16902 | Lair:2   | Noticed a four-headed hydra
 16916 | Lair:2   | Killed a four-headed hydra
 17122 | Lair:2   | Reached skill level 5 in Shields
 17527 | Lair:2   | Identified the +1 ring mail "Gaqia" {rF+ rCorr} (You found
                  | it on level 1 of the Lair of Beasts)
 17862 | Lair:2   | Noticed an eight-headed hydra
 18374 | Lair:2   | Found a staircase to the Snake Pit.
 18881 | Lair:2   | Reached skill level 15 in Necromancy
 19015 | Lair:2   | Killed an eight-headed hydra
 19247 | Lair:3   | Noticed a seven-headed hydra
 19252 | Lair:3   | Killed a seven-headed hydra
 19264 | Lair:3   | Identified the +4 falchion of the Blue Skies {drain,
                  | Fragile Str+2 Int+9} (You found it on level 1 of the Lair
                  | of Beasts)
 19388 | Lair:3   | Found a dark tunnel.
 19395 | Volcano  | Entered a volcano
 19826 | Volcano  | Noticed a red draconian
 19829 | Volcano  | Found a radiant altar of Vehumet.
 19843 | Volcano  | Killed a red draconian
 20019 | Volcano  | Noticed a centaur warrior
 20072 | Volcano  | Killed a centaur warrior
 20956 | Volcano  | Identified a +2 pair of boots of running (You found it in a
                  | volcano)
 21298 | Lair:3   | Noticed a four-headed hydra
 21326 | Lair:3   | Killed a four-headed hydra
 21326 | Lair:3   | Gained mutation: You are in touch with the powers of death.
                  | [Mummy growth]
 21326 | Lair:3   | Reached XP level 13. HP: 87/95 MP: 16/25
 21512 | Lair:3   | Reached skill level 16 in Necromancy
 22101 | Lair:3   | Found a staircase to the Shoals.
 22385 | Lair:4   | Identified the Guide on Creation and Stones
 22394 | Lair:4   | Learned a level 6 spell: Iron Shot
 22674 | Lair:4   | Reached skill level 1 in Earth Magic
 22869 | Lair:4   | Noticed Rupert
 22874 | Lair:4   | Paralysed by Rupert for 7 turns
 23731 | Lair:4   | HP: 3/96 [eight-headed hydra (14)]
 25240 | Lair:5   | Found a staircase to the Slime Pits.
 25619 | Lair:6   | Entered Level 6 of the Lair of Beasts
 25620 | Lair:6   | Noticed Kirke
 26267 | Lair:6   | Killed Kirke
 27163 | Lair:6   | Slain by a seven-headed hydra

Levels and vault maps discovered:
D:1:      dpeg_arrival_chambers_temple_mockup, layout_basic
D:2:      layout_rooms, fedhas_altar_2, uniq_terence
D:3:      layout_basic, elyvilon_altar_1, minivault_14
D:4:      layout_basic, serial_corexii_hall, chequers_hall_statues_wall_a,
          corexii_hall_statues_i, nicolae_gozag_cash_rules_everything_around_me
D:5:      wander_river, layout_cave_pools, first_ration,
          uniq_crazy_yiuf_cottage, uniq_edmund
D:6:      layout_basic, grunt_ministairs_14
D:7:      layout_gridville, minmay_temple_entry_stoned_glass,
          gammafunk_ghost_arena, serial_shops, nicolae_shop_crystal,
          brannock_xom_greatest_gift, uniq_duvessa
D:8:      layout_cave_pods, serial_shops, shop_statue, serial_column_ruins,
          column_ruins_square_medium, column_ruins_open_tiny,
          column_ruins_grid_1, column_ruins_corridor_T, column_ruins_open_tiny,
          column_ruins_grid_1, minmay_misc_feat_ornament
D:9:      layout_basic, uniq_joseph
D:10:     layout_loops_ring, erik_lair_island
D:11:     layout_loops_ring, orc_0_dummy
Lair:1:   layout_misc_corridors, st_stairs_4, grunt_megastairs_4,
          minmay_lair_oklob_chamber
Lair:2:   layout_layer_cave, minmay_snake_entry_guardpost_small,
          serial_bayou_shore_b
Lair:3:   layout_loops_ring, elwin_shoals_entry_stream, enter_volcano_4
Lair:4:   layout_gridlike, lookout_lair_type, uniq_rupert
Lair:5:   layout_cave_shapes, dpeg_slime_entry_corner, grunt_megastairs_5
Lair:6:   hangedman_lair_caniforms_friends, layout_layer_cave,
          hangedman_lair_in_review, uniq_kirke

Skill      XL: |  1  2  3  4  5  6  7  8  9 10 11 12 13 |
---------------+----------------------------------------+-----
Necromancy     | 5 6 8 9 11 12 13 15 16 | 16.7
Spellcasting   | 3 4 5 6 8 9 |  9.7
Armour         | 1 2 3 4 |  4.0
Polearms       | 1 2 3 4 5 |  5.6
Fighting       | 1 2 3 4 5 6 7 |  7.6
Shields        | 1 3 4 5 6 |  6.3
Evocations     | 1 3 4 |  4.1
Earth Magic    | 3 |  3.0
Dodging        | |  1.7
Stealth        | |  1.5

Action                   |  1- 3 |  4- 6 |  7- 9 | 10-12 | 13-15 || total
-------------------------+-------+-------+-------+-------+-------++-------
Melee: Whip              |    37 |    16 |       |       |       ||    53
       Trident           |       |    29 |   322 |   810 |   354 ||  1515
 Cast: Pain              |    60 |   115 |    51 |    38 |    11 ||   275
       Vampiric Draining |     1 |     3 |    62 |   186 |    94 ||   346
       Animate Skeleton  |       |     1 |       |       |       ||     1
Evoke: Wand              |       |       |     3 |    23 |    16 ||    42
       Lightning rod     |       |       |       |     7 |     4 ||    11
       Phantom mirror    |       |       |       |     1 |       ||     1
  Use: Scroll            |       |       |     8 |    11 |     6 ||    25
 Stab: Sleeping          |       |     2 |    10 |     5 |       ||    17
       Distracted        |       |       |     4 |     1 |       ||     5
       Paralysed         |       |       |     8 |    17 |       ||    25
Armor: Robe              |    10 |     1 |       |       |       ||    11
       Ring mail         |       |    13 |   102 |   318 |   117 ||   550
       Scale mail        |       |       |       |    17 |   140 ||   157
Dodge: Dodged            |    42 |    36 |   192 |   285 |   154 ||   709
Block: Shield            |       |       |       |   427 |   241 ||   668
